 Dungeon Crawl Stone Soup version 0.23.2-40-g277498a001 (webtiles) character file.

Game seed: 14248843921143465782

4347 FishyPogo the Fiendish (level 10, 0/92 HPs)
             Began as a Demonspawn Necromancer on Sept 29, 2019.
             Was a Priest of Makhleb.
             Killed from afar by Erica (15 damage)
             ... with an orb of energy
             ... on level 8 of the Dungeon.
             The game lasted 00:41:07 (7327 turns).

FishyPogo the Fiendish (Demonspawn Necromancer)     Turns: 7327, Time: 00:41:08

Health: 0/92       AC:  6    Str: 14    XL:     10   Next: 12%
Magic:  0/16       EV: 15    Int: 20    God:    Makhleb [***...]
Gold:   404        SH:  7    Dex: 13    Spells: 6/15 levels left

rFire    . . .     SeeInvis .   a - +2 flail (venom)
rCold    . . .     Gourm    .   E - +0 buckler
rNeg     . . .     Faith    .   d - +0 robe {MR+}
rPois    .         Spirit   +   x - +0 helmet
rElec    .         Reflect  +   (no cloak)
rCorr    .         Harm     .   m - +0 pair of gloves
MR       +....                  (no boots)
Stlth    ++........             j - +2 amulet of reflection
HPRegen  0.25/turn              f - +3 ring of intelligence
MPRegen  0.15/turn              (no ring)

@: no status effects
A: hooves 2, rugged brown scales 2, blurry vision 1, demonic guardian 2, robust
1, strong 1, magic shield
a: Minor Destruction, Lesser Servant of Makhleb, Renounce Religion


You were on level 8 of the Dungeon.
You worshipped Makhleb.
Makhleb was most pleased with you.
You were not hungry.

You visited 1 branch of the dungeon, and saw 8 of its levels.

You collected 404 gold pieces.

Inventory:

Hand Weapons
 a - a +2 flail of venom (weapon)
Missiles
 e - 120 stones (quivered)
 F - 3 tomahawks
Armour
 d - a +0 robe of magic resistance (worn)
 l - a +0 robe
 m - a +0 pair of gloves (worn)
 x - a +0 helmet (worn)
 E - a +0 buckler (worn)
Jewellery
 f - a +3 ring of intelligence (left hand)
 j - a +2 amulet of reflection (around neck)
 y - an uncursed ring of protection from magic {unknown}
Wands
 o - a wand of polymorph (7)
Scrolls
 b - 2 scrolls of identify
 p - a scroll of noise
 q - a scroll of fear
 s - 3 scrolls of amnesia
 t - 3 scrolls of teleportation
 u - 4 scrolls of remove curse
Potions
 g - a potion of degeneration {unknown}
 i - a potion of flight {unknown}
 k - a potion of cancellation {unknown}
 r - 2 potions of lignification {unknown}
 w - a potion of berserk rage {unknown}
 z - a potion of resistance {unknown}
 C - a potion of heal wounds
 D - a potion of ambrosia {unknown}
 G - a potion of mutation
 J - a potion of haste {unknown}
Comestibles
 c - 15 rations
 A - 3 chunks of flesh


   Skills:
 + Level 7.7 Fighting
 - Level 2.0 Maces & Flails
 + Level 6.0 Dodging
 - Level 2.0 Stealth
 - Level 4.2 Shields
 - Level 1.0 Unarmed Combat
 - Level 3.0 Spellcasting
 - Level 6.0 Necromancy
 * Level 8.3 Invocations
 + Level 4.3 Evocations


You had 6 spell levels left.
You knew the following spells:

 Your Spells              Type           Power        Failure   Level  Hunger
a - Pain                  Necr           ####         1%          1    None
b - Vampiric Draining     Necr           ####......   3%          3    ###....
c - Animate Dead          Necr           N/A          12%         4    ####...
d - Animate Skeleton      Necr           N/A          1%          1    None

Your spell library contained the following spells:

 Spells                   Type           Power        Failure   Level  Hunger
 Regeneration             Chrm/Necr      ###.......   12%         3    ###....


Dungeon Overview and Level Annotations

Branches:
Dungeon (9/15)
 Temple: D:4-7         Lair: D:8-11         Orc: D:9-12

Altars:
Ashenzari
Cheibriados
Hepliaklqana
Makhleb
Qazlal
Ru
Yredelemnul

Shops:
D:5 [

Annotations:
D:8 Erica; Maurice
D:9 3 runed translucent doors, kalagan's ghost, novice GrEE


Innate Abilities, Weirdness & Mutations

You have hoof-like feet.
You are mostly covered in rugged brown scales. (AC +2, +5% HP)
A demonic guardian rushes to your aid.
When hurt, damage is shared between your health and your magic reserves.
Scrolls take you a little longer to read.
You are robust. (+10% HP)
Your muscles are strong. (Str +2)


Message History

Okay, then.
You feel better. Something hits you.
* * * LOW HITPOINT WARNING * * *
Something steals 15 of your 135 stones! Something hits your hellwing.
Something burns your hellwing.
A stone appears from out of thin air!
The stone hits your hellwing. Something hits you!
* * * LOW HITPOINT WARNING * * *
Something burns you.
* * * LOW HITPOINT WARNING * * *
You hear some strange, mumbled words.
Unknown command.
Something hits your hellwing! Something burns your hellwing.
A stone appears from out of thin air!
The stone barely misses your hellwing. The stone hits you but does no damage.
You see here a stone.
You hear some strange, mumbled words.
An orb of energy appears from out of thin air!
The orb of energy misses your hellwing. The orb of energy hits you!
You die...

≈≈;≈;≈....#
..≈≈......#####
)...≈.........#
..........# #
#######.%)# .#
###)###)#
######### #.....#
.....{..###†#.###
#...>§(4@.#.#
#.........#.#
#.###.#####.#
...# #.# ###.# #
#.# #.. ..#.# ..#
### #.#)# # #.#
#.#.#
..##.####.##
#.#.#
...........#
#.#.#


You could see a friendly hellwing.

Vanquished Creatures
  A two-headed ogre (D:9)
  Grinder (D:4)
  2 orc warriors (D:6)
  A black bear (D:8)
  2 ice beasts (D:5)
  3 centaurs
  3 wolves (D:8)
  A bullfrog (D:6)
  A scorpion (D:4)
  A howler monkey (D:5)
  A crimson imp (D:5)
  4 hounds
  A jelly (D:8)
  A bullfrog skeleton (D:5)
  5 orc wizards
  Jessica (D:2)
  An iguana (D:5)
  Natasha (thrice) (D:4)
  6 worker ants
  A hound skeleton (D:6)
  A worker ant zombie (D:8)
  Robin (D:2)
  4 gnolls (D:4)
  A howler monkey skeleton (D:4)
  8 adders
  An adder zombie (D:9)
  2 worms
  4 dart slugs
  9 leopard geckos
  18 orcs
  3 giant cockroaches
  16 goblins
  13 hobgoblins
  7 jackals
  2 quokkas
  4 ball pythons
  11 bats
  5 frilled lizards
  10 kobolds
  A quokka skeleton (D:4)
  7 rats
168 creatures vanquished.

Vanquished Creatures (collateral kills)
  A two-headed ogre (D:9)
  Psyche (D:9)
  A troll (D:8)
  3 hippogriffs
  Eustachio (D:4)
  An orc warrior (D:8)
  A black bear (D:9)
  A wolf (D:8)
  3 scorpions
  3 wights (D:9)
  3 hounds
  An orc priest (D:4)
  A jelly (D:9)
  An iguana (D:4)
  A hound zombie (D:6)
  An orc (D:3)
  A giant cockroach (D:1)
  A goblin (D:1)
  2 bats (D:1)
  A frilled lizard (D:1)
  A kobold (D:2)
30 creatures vanquished.

Grand Total: 198 creatures vanquished

Notes
Turn   | Place    | Note
-------+----------+-------------------------------------------
     0 | D:1      | FishyPogo the Demonspawn Necromancer began the quest for
                  | the Orb.
     0 | D:1      | Reached XP level 1. HP: 13/13 MP: 3/3
   159 | D:1      | Learned a level 1 spell: Animate Skeleton
   725 | D:1      | Gained mutation: A weak demonic guardian rushes to your
                  | aid. [demonic ancestry]
   725 | D:1      | Reached XP level 2. HP: 19/19 MP: 3/5
   898 | D:1      | Reached skill level 5 in Necromancy
  1100 | D:1      | Gained mutation: You have large cloven feet. [demonic
                  | ancestry]
  1100 | D:1      | Reached XP level 3. HP: 19/24 MP: 6/6
  1719 | D:2      | Found a stormy altar of Qazlal.
  1723 | D:2      | Noticed Jessica
  1752 | D:2      | Found a burning altar of Makhleb.
  1763 | D:2      | Became a worshipper of Makhleb the Destroyer
  1789 | D:2      | Found a snail-covered altar of Cheibriados.
  1800 | D:2      | Learned a level 3 spell: Vampiric Draining
  1925 | D:2      | Found a hazy altar of Hepliaklqana.
  1932 | D:2      | Reached skill level 1 in Fighting
  1997 | D:2      | Found a faded altar of an unknown god.
  2016 | D:2      | Gained mutation: You have hoof-like feet. [demonic
                  | ancestry]
  2016 | D:2      | Reached XP level 4. HP: 31/32 MP: 5/8
  2175 | D:2      | Noticed Robin
  2242 | D:2      | Reached * piety under Makhleb
  2265 | D:2      | Killed Robin
  2572 | D:2      | Killed Jessica
  2624 | D:3      | Gained mutation: When hurt, damage is shared between your
                  | health and your magic reserves. [demonic ancestry]
  2624 | D:3      | Reached XP level 5. HP: 37/38 MP: 3/9
  2965 | D:3      | Reached ** piety under Makhleb
  3513 | D:4      | Noticed Eustachio
  3552 | D:4      | Gained mutation: You are partially covered in rugged brown
                  | scales. (AC +1, +3% HP) [demonic ancestry]
  3552 | D:4      | Reached XP level 6. HP: 18/48 MP: 3/10
  3563 | D:4      | Reached skill level 1 in Unarmed Combat
  3602 | D:4      | Gained mutation: Scrolls take you a little longer to read.
                  | [potion of mutation]
  3602 | D:4      | Gained mutation: Your muscles are strong. (Str +2) [potion
                  | of mutation]
  3602 | D:4      | Gained mutation: You are robust. (+10% HP) [potion of
                  | mutation]
  3681 | D:4      | Killed Eustachio
  3728 | D:4      | Found a basalt altar of Yredelemnul.
  3738 | D:4      | Noticed Grinder
  3818 | D:4      | Killed Grinder
  3818 | D:4      | Reached XP level 7. HP: 29/62 MP: 5/11
  3824 | D:4      | Learned a level 4 spell: Animate Dead
  4500 | D:4      | Reached skill level 5 in Fighting
  4711 | D:4      | Noticed Natasha
  4717 | D:4      | Killed Natasha
  4972 | D:4      | Found a basalt altar of Yredelemnul.
  5056 | D:4      | Noticed Natasha
  5073 | D:4      | Killed Natasha
  5476 | D:4      | Noticed Natasha
  5480 | D:4      | Killed Natasha
  5607 | D:5      | Entered Level 5 of the Dungeon
  5617 | D:5      | Found a sacrificial altar of Ru.
  5648 | D:5      | Reached skill level 1 in Invocations
  5648 | D:5      | Gained mutation: A demonic guardian rushes to your aid.
                  | [demonic ancestry]
  5648 | D:5      | Reached XP level 8. HP: 72/72 MP: 8/12
  5657 | D:5      | Reached skill level 2 in Invocations
  5714 | D:5      | Found a shattered altar of Ashenzari.
  5792 | D:5      | Reached skill level 1 in Evocations
  5887 | D:5      | Reached *** piety under Makhleb
  5950 | D:5      | Reached skill level 3 in Invocations
  6094 | D:5      | Found Naohomah's Armour Shoppe.
  6393 | D:6      | Reached skill level 1 in Shields
  6539 | D:6      | Reached skill level 4 in Invocations
  6826 | D:6      | Reached skill level 5 in Dodging
  6881 | D:6      | You fall through a shaft for 3 floors!
  6912 | D:9      | Reached skill level 5 in Invocations
  6932 | D:9      | Gained mutation: You are mostly covered in rugged brown
                  | scales. (AC +2, +5% HP) [demonic ancestry]
  6932 | D:9      | Reached XP level 9. HP: 44/81 MP: 6/13
  6992 | D:9      | Noticed a two-headed ogre
  7002 | D:9      | Killed a two-headed ogre
  7002 | D:9      | Reached skill level 1 in Maces & Flails
  7025 | D:9      | Noticed Psyche
  7031 | D:9      | Killed Psyche
  7031 | D:9      | Reached skill level 6 in Invocations
  7036 | D:9      | Noticed kalagan's ghost (novice GrEE)
  7037 | D:9      | Noticed an ice devil
  7051 | D:9      | Noticed a two-headed ogre
  7055 | D:9      | Killed a two-headed ogre
  7058 | D:9      | Reached skill level 7 in Invocations
  7074 | D:9      | Found a runed translucent gate.
  7074 | D:9      | Found a runed translucent gate.
  7074 | D:9      | Found a runed translucent gate.
  7222 | D:8      | Noticed a troll
  7226 | D:8      | Killed a troll
  7226 | D:8      | Reached XP level 10. HP: 87/90 MP: 10/15
  7243 | D:8      | Reached **** piety under Makhleb
  7243 | D:8      | Reached skill level 8 in Invocations
  7308 | D:8      | Noticed Erica
  7311 | D:8      | Noticed Maurice
  7327 | D:8      | Killed from afar by Erica

Skill      XL: |  1  2  3  4  5  6  7  8  9 10 |
---------------+-------------------------------+-----
Necromancy     | 5 6 |  6.0
Stealth        | 2 |  2.0
Dodging        | 2 3 4 5 6 |  6.0
Fighting       | 1 2 3 4 6 7 |  7.7
Spellcasting   | 3 |  3.0
Unarmed Combat | 1 |  1.0
Invocations    | 1 5 7 8 |  8.3
Evocations     | 2 4 |  4.3
Shields        | 2 4 |  4.2
Maces & Flails | 2 |  2.0

Action                   |  1- 3 |  4- 6 |  7- 9 | 10-12 || total
-------------------------+-------+-------+-------+-------++-------
Melee: Club              |    22 |       |       |       ||    22
       Dagger            |    53 |    99 |       |       ||   152
       Kick              |     8 |    35 |    29 |     5 ||    77
       Unarmed           |       |    19 |     7 |       ||    26
       Flail             |       |    20 |    93 |    22 ||   135
Throw: Stone             |       |     2 |     2 |       ||     4
 Cast: Pain              |    37 |    57 |    80 |     3 ||   177
       Animate Skeleton  |     5 |    16 |     8 |     2 ||    31
       Vampiric Draining |       |     7 |    19 |     3 ||    29
Invok: Minor Destruction |       |       |    22 |     4 ||    26
       Lesser Servant of |       |       |     1 |     1 ||     2
       Major Destruction |       |       |       |     3 ||     3
  Use: Potion            |       |     3 |       |     1 ||     4
       Scroll            |       |       |     9 |       ||     9
 Stab: Distracted        |     2 |       |       |       ||     2
       Sleeping          |     1 |     1 |     1 |       ||     3
  Eat: Chunk             |     4 |    19 |     7 |     1 ||    31
Armor: Robe              |    22 |    33 |    22 |    11 ||    88
Dodge: Dodged            |    48 |    96 |    70 |    22 ||   236
Block: Other             |       |     8 |     3 |       ||    11
       Buckler           |       |       |    19 |     9 ||    28
